 Dungeon Crawl Stone Soup version 0.18-a0-1788-g92de1ac (webtiles) character file.

28 Duffy the Insei (level 3, 26/26 HPs)
             Began as a Demonspawn Transmuter on Apr 20, 2016.
             Quit the game on level 1 of the Dungeon.
             The game lasted 00:00:53 (1318 turns).

Duffy the Insei (Demonspawn Transmuter)             Turns: 1318, Time: 00:00:54

Health: 26/26      AC:  2    Str: 10    XL:     3   Next: 0%
Magic:  6/6        EV: 12    Int: 14    God:
Gold:   43         SH:  0    Dex: 14    Spells: 2 memorised, 2 levels left

rFire  . . .     SeeInvis .       - Unarmed
rCold  . . .     Gourm    .     b - +0 robe
rNeg   . . .     Faith    .     (no shield)
rPois  .         Spirit   .     (helmet restricted)
rElec  .         Dismiss  .     (no cloak)
rCorr  .         Reflect  .     (no gloves)
SustAt .         Harm     .     (no boots)
MR     .....                    (no amulet)
Stlth  +.........               (no ring)
                                (no ring)

@: not resistant to hostile enchantments, very unstealthy
A: antennae 1, spiny 1
a: no special abilities


You were on level 1 of the Dungeon.
You were not hungry.

You visited 1 branch of the dungeon, and saw 1 of its levels.

You collected 43 gold pieces.


Innate Abilities, Weirdness & Mutations

You have a pair of small antennae on your head.
You are partially covered in sharp spines.


   Skills:
 - Level 1.0 Fighting
 - Level 1.7 Dodging
 + Level 3.3 Unarmed Combat
 - Level 2.0 Spellcasting
 - Level 2.5 Transmutations
 + Level 0.0 Poison Magic


You had 2 spell levels left.
You knew the following spells:

 Your Spells              Type           Power        Failure   Level  Hunger
a - Beastly Appendage     Trmt           #.....       10%         1    ##.....
l - Spider Form           Trmt/Pois      #.........   47%         3    ####...

Inventory:

Missiles
 a - 61 arrows
Armour
 b - a +0 robe (worn)
Scrolls
 g - a scroll of remove curse {unknown}
 h - a scroll of identify {unknown}
Potions
 e - a potion of curing {unknown}
Books
 c - a book of Changes
Comestibles
 d - 2 bread rations
 f - 2 meat rations
 j - 3 slices of pizza

Dungeon Overview and Level Annotations

Branches:
Dungeon (1/15)

Altars:


Message History

Some of the chunks of flesh in your inventory have rotted away.
All of the chunks of flesh in your inventory have rotted away.
You open the door.
There is an open door here.
There is an open door here.
You see here a jackal skeleton.
There is an open door here.
There is an open door here.
There is an open door here.
A bat comes into view.
A bat is nearby!
You barely miss the bat. The bat closely misses you. The bat misses you.
The bat hits you but does no damage.
You closely miss the bat. The bat barely misses you.
You hit the bat.
You kill the bat!
You have reached level 3!
Your experience leads to an increase in your attributes!
Increase (S)trength, (I)ntelligence, or (D)exterity?
You feel agile.
Your demonic ancestry asserts itself...
Sharp spines emerge from parts of your body.
This spell is slightly dangerous to cast.
Memorise Spider Form, consuming 3 spell levels and leaving 2?
You start memorising the spell.
You continue memorising. x3
You finish memorising.
Spell assigned to 'b'.
Adjust (i)tems, (s)pells, or (a)bilities?
Adjust which spell? b - Spider Form Adjust to which letter? l - Spider Form
Things that are here:
a whip; 2 stones Done exploring.
Are you sure you want to abandon this character and quit the game? (Confirm with "yes".)

#.# #..........
#.#######).........
#..................
#..................
#..................
#......)....###....
#...........# ####.
#...........# #.
#.@.........# #.
#...........# #.
#...........# #.
#...........# #.
#...........# #.
#...........# #.
#...........# #.
############# #.
#######


There were no monsters in sight!

Action                   || total
-------------------------++-------
Melee: Unarmed           ||    99
       Punch             ||     1
  Eat: Chunk             ||     1
Armor: Robe              ||    13
Dodge: Dodged            ||    63

Notes
Turn   | Place    | Note
--------------------------------------------------------------
     0 | D:1      | Duffy the Demonspawn Transmuter began the quest for the Orb.
     0 | D:1      | Reached XP level 1. HP: 15/15 MP: 3/3
   126 | D:1      | Reached skill level 2 in Transmutations
   290 | D:1      | Gained mutation: You have a pair of small antennae on your head. [demonic ancestry]
   290 | D:1      | Reached XP level 2. HP: 21/21 MP: 5/5
   302 | D:1      | Reached skill level 3 in Unarmed Combat
  1293 | D:1      | Gained mutation: You are partially covered in sharp spines. [demonic ancestry]
  1293 | D:1      | Reached XP level 3. HP: 26/26 MP: 6/6
  1298 | D:1      | Learned a level 3 spell: Spider Form
  1318 | D:1      | Quit the game

Vault maps used:
D:1:      dpeg_arrival_rooms_b, serial_park_tiny_1

Vanquished Creatures
  A dart slug
  A bat
  2 giant cockroaches
  4 goblins
  3 hobgoblins
  4 jackals
  A giant newt
  4 kobolds
  4 rats
24 creatures vanquished.
